 Dungeon Crawl Stone Soup version 0.29-a0-919-gd064cfad1c (webtiles) character file.

Game seed: 3183554602471333735

866 ptdevnull the Slicer (level 8, 0/48 HPs)
             Began as an Octopode Venom Mage on July 27, 2022.
             Was an Initiate of Ashenzari.
             Killed from afar by a white imp (9 damage)
             ... with a puff of frost
             ... on level 5 of the Dungeon.
             The game lasted 00:15:02 (7310 turns).

ptdevnull the Slicer (Octopode Venom Mage)          Turns: 7310, Time: 00:15:04

Health: 0/48       AC:  1    Str:  7    XL:     8   Next: 3%
Magic:  6/12       EV: 13    Int: 20    God:    Ashenzari [......]
Gold:   372        SH:  0    Dex: 18    Spells: 1/13 levels left

rFire   . . .      SeeInvis +   h - +2 dagger (venom)
rCold   . . .      Faith    .   (no shield)
rNeg    . . .      Spirit   .   (helmet restricted)
rPois   .          Reflect  .   (no amulet)
rElec   .          Harm     .   o - ring of wizardry
rCorr   .          Rampage  .   t - ring of see invisible
Will    .....                   y - +6 ring of dexterity
Stlth   ++++......              (no ring)
HPRegen 0.16/turn               (no ring)
MPRegen 0.13/turn               (no ring)
                                (no ring)
                                (no ring)

@: studying Short Blades
A: almost no armour, amphibious, 8 rings, camouflage 1, gelatinous body 1,
(nimble swimmer 1), tentacles
a: Renounce Religion


You were on level 5 of the Dungeon.
You worshipped Ashenzari.
Ashenzari was noncommittal.
You visited 1 branch of the dungeon, and saw 6 of its levels.

You collected 372 gold pieces.

Inventory:

Hand Weapons
 b - a +0 dagger of freezing
 h - a +2 dagger of venom (weapon)
Missiles
 s - 2 throwing nets
Armour
 a - an orb of guile
Jewellery
 o - a ring of wizardry (left tentacle)
 t - a ring of see invisible (right tentacle)
 y - a +6 ring of dexterity (on tentacle)
Wands
 p - a wand of paralysis (16)
Scrolls
 c - 2 scrolls of amnesia {unknown}
 d - a scroll of blinking {unknown}
 e - 2 scrolls of teleportation
 f - a scroll of vulnerability {unknown}
 i - a scroll of noise {unknown}
 n - a scroll of silence {unknown}
 q - a scroll of poison {unknown}
 r - a scroll of magic mapping {unknown}
 u - 2 scrolls of identify {unknown}
 x - 2 scrolls of enchant weapon {unknown}
 z - a scroll of fear {unknown}
Potions
 g - 2 potions of flight {unknown}
 j - 2 potions of degeneration {unknown}
 k - 3 potions of curing {unknown}
 l - 2 potions of berserk rage {unknown}
 m - a potion of ambrosia {unknown}
 v - 2 potions of heal wounds {unknown}
 w - 2 potions of lignification {unknown}


   Skills:
 + Level 1.2 Fighting
 - Level 10.0 Short Blades
 - Level 2.0 Dodging
 + Level 3.4 Stealth
 - Level 3.0 Spellcasting
 - Level 1.2 Conjurations
 - Level 2.2 Transmutations
 - Level 1.4 Air Magic
 - Level 4.5 Poison Magic


You had one spell level left.
You knew the following spells:

 Your Spells              Type           Power      Damage    Failure   Level
a - Sting                 Tmut/Pois      64%        1d6       1%          1
b - Poisonous Vapours     Pois/Air       28%        N/A       2%          2
c - Mephitic Cloud        Conj/Pois/Air  12%        N/A       6%          3
d - Olgreb's Toxic Radia  Pois           21%        N/A       9%          4
e - Blink                 Tloc           6%         N/A       9%          2

Your spell library contained the following spells:

 Spells                   Type           Power      Damage    Failure   Level
 Magic Dart               Conj           32%        1d4       3%          1
 Ignite Poison            Fire/Tmut/Pois 12%        N/A       7%          3
 Call Imp                 Summ           3%         N/A       9%          2
 Conjure Flame            Conj/Fire      5%         6-21      13%         3
 Gell's Gravitas          Tloc           3%         N/A       16%         3
 Lesser Beckoning         Tloc           3%         N/A       16%         3
 Teleport Other           Tloc           3%         N/A       16%         3
 Sticky Flame             Conj/Fire      5%         2d3       38%         4
 Manifold Assault         Tloc           3%         N/A       80%         5
 Dispersal                Tloc           1%         N/A       100%        6


Dungeon Overview and Level Annotations

Branches:
Dungeon (6/15)
 Temple: D:4-7

Altars:
Ashenzari
Gozag
Wu Jian

Shops:
D:1 [

Annotations:
D:5 2 transporters
D:6 Prince Ribbit


Innate Abilities, Weirdness & Mutations

You cannot wear most types of armour.
You are amphibious.
You can wear up to eight rings at the same time.
Your skin changes colour to match your surroundings (Stealth+).
Your rubbery body absorbs attacks. (AC +1, EV +1)
((You are camouflaged when in or above water. (Stealth+)))
You have tentacles for arms and can constrict up to eight enemies at once.


Message History

The steam dragon is poisoned.
Unknown command.
Casting: Poisonous Vapours (safe; 2% risk of failure)
Confirm with . or Enter, or press ? or * to list all spells.
Aiming: Poisonous Vapours (safe; 2% risk of failure)
Press: ? - help, Dir - move target, f/p - steam dragon
Aim: a steam dragon (lightly wounded, poisoned) Poisonous vapours surround the steam dragon!
The steam dragon looks even sicker.
The white imp gestures at you. The puff of frost hits you.
Casting: Poisonous Vapours (safe; 2% risk of failure)
Confirm with . or Enter, or press ? or * to list all spells.
Aiming: Poisonous Vapours (safe; 2% risk of failure)
Press: ? - help, Dir - move target, f/p - steam dragon
Aim: a steam dragon (lightly wounded, very poisoned) Poisonous vapours surround the steam dragon!
The steam dragon looks even sicker.
Unknown command.
The sting misses the steam dragon.
Unknown command.
Prince Ribbit blinks!
The steam dragon breathes steam at you.
The ball of steam hits the steam dragon!
The steam dragon resists.
The ball of steam hits you! The steam dragon breathes steam at you.
The ball of steam hits you! The white imp hits you.
* * * LOW HITPOINT WARNING * * *
The white imp freezes you.
* * * LOW HITPOINT WARNING * * *
You climb upwards.
Level annotation: 2 transporters
There is a stone staircase leading down here.
You completely miss the white imp. You grab the white imp.
You squeeze the white imp.
The white imp is heavily wounded.
You constrict the white imp, but do no damage.
The white imp gestures at you. The puff of frost hits you!
You die...

#........##.#......§§..........
#........##..........#######...
#........###.........# #####...
#......(.###........># #.......
#....................# #.......
#...........#........# #.......
#....................# #.......
#............#'####### #.......
#............#@D.....# #.......
#######.....÷#5#####.###.......
#.....##...#.............
#.#.<......#...###.######
#.#.###########....######
#.............#.#####....
#############.#.# #.... #...#
#.... ##### #....


You could see a steam dragon (very poisoned, catching breath) and a white imp.

Vanquished Creatures
  A water moccasin (D:5)
  An ogre (D:5)
  A phantom (D:4)
  A necrophage (D:5)
  A scorpion (D:4)
  A howler monkey (D:4)
  A jelly (D:5)
  A hound (D:4)
  5 adders
  15 gnolls
  A white imp (D:5)
  A worm (D:2)
  5 dart slugs
  7 ball pythons
  3 bats
  10 endoplasms
  5 giant cockroaches
  35 goblins
  36 hobgoblins
  7 jackals
  12 kobolds
  5 quokkas
  2 frilled lizards (D:2)
  3 rats
160 creatures vanquished.

Vanquished Creatures (others)
  A fungus (D:1)
  7 plants
8 creatures vanquished.

Grand Total: 168 creatures vanquished

Notes
Turn   | Place    | Note
-------+----------+-------------------------------------------
     0 | D:1      | ptdevnull the Octopode Venom Mage began the quest for the
                  | Orb.
     0 | D:1      | Reached XP level 1. HP: 11/11 MP: 3/3
    75 | D:1      | Reached XP level 2. HP: 6/17 MP: 3/5
   585 | D:1      | Reached XP level 3. HP: 21/21 MP: 6/6
   789 | D:1      | Found a faded altar of an unknown god.
  1347 | D:1      | Found Unkasag's Antique Armour Emporium.
  1563 | D:2      | Reached XP level 4. HP: 27/27 MP: 8/8
  1646 | D:2      | Reached skill level 1 in Short Blades
  1822 | D:2      | Found an opulent altar of Gozag.
  1938 | D:2      | Learned a level 2 spell: Poisonous Vapours
  1942 | D:2      | Learned a level 3 spell: Mephitic Cloud
  2548 | D:3      | Reached skill level 2 in Short Blades
  2739 | D:3      | Reached XP level 5. HP: 30/31 MP: 9/9
  2823 | D:3      | Reached skill level 1 in Air Magic
  2932 | D:3      | Reached skill level 1 in Conjurations
  3314 | D:3      | Noticed an ice beast
  3609 | D:4      | Reached skill level 3 in Short Blades
  3731 | D:4      | Reached skill level 4 in Short Blades
  3797 | D:4      | Reached XP level 6. HP: 21/36 MP: 5/10
  3966 | D:4      | Reached skill level 5 in Short Blades
  3976 | D:4      | Reached skill level 6 in Short Blades
  4110 | D:4      | Reached skill level 7 in Short Blades
  4693 | D:4      | Found a broken altar of Ashenzari.
  4759 | D:4      | Became a worshipper of Ashenzari the Shackled
  4791 | D:4      | Reached XP level 7. HP: 41/41 MP: 8/11
  5132 | D:4      | Reached skill level 8 in Short Blades
  5998 | D:5      | Entered Level 5 of the Dungeon
  6007 | D:5      | Learned a level 4 spell: Olgreb's Toxic Radiance
  6010 | D:5      | Learned a level 2 spell: Blink
  6030 | D:5      | Found a transporter.
  6043 | D:5      | Reached skill level 9 in Short Blades
  6137 | D:5      | Found a transporter.
  6568 | D:5      | Reached skill level 10 in Short Blades
  6856 | D:5      | Reached skill level 1 in Fighting
  6856 | D:5      | Reached XP level 8. HP: 48/48 MP: 12/12
  6904 | D:5      | Found an ornate altar of the Wu Jian Council.
  7263 | D:6      | Noticed Prince Ribbit
  7310 | D:5      | Killed from afar by a white imp

Illustrated notes

Levels and vault maps discovered:
D:1:      tarquinn_simple_flora_water_b, layout_basic, serial_shops,
          nicolae_shop_behind_doors, shapermc_ecumenical_altar_mp_urbaneastern,
          minmay_small_reverse_x
D:2:      layout_loops_cross, basic_altar
D:3:      layout_basic, nicolae_ru_path_of_blood, minmay_circle_x
D:4:      minmay_goblin_kobold_castle, layout_basic,
          mainiacjoe_overflow_alcove_1, serial_bayou_crossing
D:5:      gammafunk_cloud_chamber, layout_basic, mainiacjoe_overflow_brackets
D:6:      layout_rooms, uniq_maggie, uniq_crazy_yiuf_cottage,
          uniq_prince_ribbit1

Skill      XL: |  1  2  3  4  5  6  7 |
---------------+----------------------+-----
Poison Magic   | 4 |  4.5
Transmutations | 2 |  2.2
Short Blades   | 2 4 7 10 | 10.0
Spellcasting   | 3 |  3.0
Air Magic      | 1 |  1.4
Conjurations   | 1 |  1.2
Fighting       | 1 |  1.2
Stealth        | 3 |  3.4
Dodging        | |  2.0

Action                   |  1- 3 |  4- 6 |  7- 9 || total
-------------------------+-------+-------+-------++-------
Melee: Dagger            |    33 |    92 |    83 ||   208
       Constrict         |    13 |    27 |    21 ||    61
       Tentacles         |    12 |    24 |    21 ||    57
       Punch             |     1 |       |     1 ||     2
 Cast: Sting             |    47 |    60 |    10 ||   117
       Poisonous Vapours |       |    17 |    26 ||    43
       Mephitic Cloud    |       |     1 |     3 ||     4
Evoke: Wand              |       |     3 |       ||     3
  Use: Scroll            |       |       |     1 ||     1
       Potion            |       |       |     1 ||     1
 Stab: Sleeping          |     2 |     5 |     7 ||    14
       Paralysed         |       |     1 |       ||     1
       Confused          |       |       |     1 ||     1
Armor: Skin              |     2 |     7 |     4 ||    13
Dodge: Dodged            |    26 |    53 |    47 ||   126

Table legend: (Time is in decaauts)
 A = Elapsed time spent in this place.
 B = Non-inter-level travel time spent in this place.
 C = Inter-level travel time spent in this place.
 D = Time resting spent in this place.
 E = Time spent auto-exploring this place.
 F = Levels seen in this place.
 G = Mean time per level.
                   A        B        C        D        E       F      G
               +--------+--------+--------+--------+--------+-----+--------+
         Total |   7262 |   6797 |    465 |    558 |   5289 |   6 | 1210.3 |
       Dungeon |   7262 |   6797 |    465 |    558 |   5289 |   6 | 1210.3 |
               +--------+--------+--------+--------+--------+-----+--------+

Top non-repeatable levels by time:
     D:4: 2590 daAuts
     D:1: 1653 daAuts
     D:3: 1116 daAuts
     D:5: 1047 daAuts
     D:2: 845 daAuts
     D:6: 9 daAuts
